 Dungeon Crawl Stone Soup version 0.31-a0-176-g91f28db67f (webtiles) character file.

Game seed: 2790202075006401306

34 qw the Shooter (level 3, 0/32 HPs)
             Began as a Naga Hunter on June 17, 2023.
             Slain by a kobold
             ... wielding a +0 dagger
              (3 damage)
             ... on level 2 of the Dungeon.
             The game lasted 00:00:16 (1056 turns).

qw the Shooter (Naga Hunter)                        Turns: 1056, Time: 00:00:17

Health: 0/32       AC:  2    Str: 13    XL:     3   Next: 31%
Magic:  3/3        EV:  9    Int:  9    God:
Gold:   28         SH:  0    Dex: 16    Spells: 2/2 levels left

rFire   . . .        Y - +0 shortbow
rCold   . . .        (shield currently unavailable)
rNeg    + . .        c - +0 leather armour
rPois   +            (no helmet)
rElec   .            (no cloak)
rCorr   .            (no gloves)
SInv    +            (no barding)
Will    .....        (no amulet)
Stlth   ++           n - ring of positive energy
HPRegen 0.25/turn    (no ring)
MPRegen 0.08/turn

%: no passive effects
@: short of breath, very slow
A: AC +1, large, see invisible, deformed body, poison resistance, slowness 2,
spit poison 1, naga tail 1
a: Spit Poison


You were on level 2 of the Dungeon.
You visited 1 branch of the dungeon, and saw 2 of its levels.

You collected 28 gold pieces.


Innate Abilities, Weirdness & Mutations

Your serpentine skin is tough. (AC +1)
You have supernaturally acute eyesight. (SInv)
Armour fits poorly on your strangely shaped body.
Your system is resistant to poisons. (rPois)
You cover ground very slowly.
You can spit poison.
You have a snake-like lower body.


   Skills:
 - Level 2.0 Fighting
 + Level 4.6 Ranged Weapons
 - Level 1.5 Dodging
 - Level 1.5 Stealth


You had 2 spell levels left.
You didn't know any spells.
Your spell library was empty.

Inventory:

Hand Weapons
 Y - a +0 shortbow (weapon)
Armour
 c - a +0 leather armour (worn)
Jewellery
 n - a ring of positive energy (left hand)
Scrolls
 a - a scroll of teleportation {unknown}
Potions
 d - a potion of enlightenment
 f - a potion of ambrosia {unknown}
 g - 2 potions of heal wounds {unknown}
 l - a potion of cancellation
 m - a potion of curing {unknown}
 o - a potion of mutation {unknown}

Dungeon Overview and Level Annotations

Branches:
Dungeon (2/15)

Altars:

Shops:
D:1 (


Message History

The slug dart hits you.
You shoot an arrow. The arrow closely misses the quokka.
The quokka barely misses you. The kobold hits you with a +0 dagger.
The quokka closely misses you.
You shoot an arrow. The arrow hits the quokka.
The quokka is severely wounded.
You have got your breath back.
The quokka bites you. The kobold barely misses you.
1049 ||| INVOKING Spit Poison.
Aiming: Spit Poison (2% risk of failure)
Press: ? - help, Shift-Dir - straight line, f/p - quokka The splash of poison misses the quokka.
The quokka closely misses you. The kobold hits you with a +0 dagger.
The quokka closely misses you.
You shoot an arrow. The arrow barely misses the quokka.
The kobold hits you but does no damage. The quokka bites you.
The kobold closely misses you.
You shoot an arrow. The arrow misses the quokka.
The quokka bites you but does no damage.
The kobold hits you with a +0 dagger. The quokka bites you.
You shoot an arrow. The arrow hits the quokka!
You kill the quokka!
The kobold hits you with a +0 dagger.
You shoot an arrow. The arrow barely misses the worm.
The kobold hits you with a +0 dagger.
You shoot an arrow. The arrow hits the worm!
The worm is heavily wounded.
You have got your breath back.
The kobold hits you with a +0 dagger. The worm bites you.
1055 ||| INVOKING Spit Poison.
Aiming: Spit Poison (2% risk of failure)
Press: ? - help, Shift-Dir - straight line, f/p - worm The splash of poison hits the worm.
The worm is poisoned.
The worm is almost dead.
You kill the worm!
The kobold hits you but does no damage.
You shoot an arrow. The arrow barely misses the kobold.
The arrow barely misses the rat.
The kobold hits you with a +0 dagger.
You die...

.... ..... .. ....
...##. .... .#...
... ... #.# ..#
#rw## ##.#
#K%####..#
#@......## ..
###..##..# #.#
######.###[..# #...
##.....# #....
########...####
#....
##.....%.....#
.....#..#########.#
...#.## #.## ##.#.#
#..#


You could see a dart slug, a kobold and a rat.

Vanquished Creatures
  An adder (D:2)
  A dart slug (D:2)
  A worm (D:2)
  A ball python (D:1)
  2 giant cockroaches (D:1)
  3 goblins (D:1)
  2 hobgoblins
  2 quokkas
  A bat (D:1)
  2 frilled lizards (D:1)
  A kobold (D:1)
  4 rats
21 creatures vanquished.

Notes
Turn   | Place    | Note
-------+----------+-------------------------------------------
     0 | D:1      | qw the Naga Hunter began the quest for the Orb.
     0 | D:1      | Reached XP level 1. HP: 19/19 MP: 1/1
     0 | D:1      | 0 ||| qw: Version: 0.3-a-5-g6f28e65
     0 | D:1      | 0 ||| qw: Game counter: 480
     0 | D:1      | 0 ||| qw: Always use a shield: true
     0 | D:1      | 0 ||| qw: God list: Okawaru
     0 | D:1      | 0 ||| qw: Allow faded altars: false
     0 | D:1      | 0 ||| qw: Do Orc after D:15 true
     0 | D:1      | 0 ||| qw: Do second Lair branch before Depths: true
     0 | D:1      | 0 ||| qw: Lair rune preference: random
     0 | D:1      | 0 ||| qw: Plans: Normal
     0 | D:1      | 0 ||| PLANNING D:1-11
     7 | D:1      | 7 ||| INVOKING Spit Poison.
    12 | D:1      | 12 ||| INVOKING Spit Poison.
    58 | D:1      | 58 ||| INVOKING Spit Poison.
    62 | D:1      | 62 ||| INVOKING Spit Poison.
    93 | D:1      | Reached skill level 4 in Ranged Weapons
    93 | D:1      | Reached XP level 2. HP: 26/26 MP: 2/2
   107 | D:1      | 107 ||| INVOKING Spit Poison.
   176 | D:1      | Found Mokhedda's Weapon Emporium.
   287 | D:1      | 287 ||| INVOKING Spit Poison.
   316 | D:1      | 316 ||| INVOKING Spit Poison.
   343 | D:1      | Found a faded altar of an unknown god.
   423 | D:1      | 423 ||| INVOKING Spit Poison.
   595 | D:1      | 595 ||| INVOKING Spit Poison.
   900 | D:1      | 900 ||| UPGRADING to ring of positive energy.
   901 | D:1      | 901 ||| READING scroll labelled HAPAEN MAWI.
   902 | D:1      | 902 ||| READING scroll labelled EFAHOE EGACA.
   903 | D:1      | 903 ||| READING scroll labelled JEMIXI YVVUKA.
   904 | D:1      | 904 ||| READING scroll labelled DAFEITHR WISAE.
   905 | D:1      | 905 ||| READING scroll labelled NIUTOE ZUMA.
   906 | D:1      | 906 ||| DRINKING 2 fizzy ruby potions.
   907 | D:1      | 907 ||| DRINKING 2 emerald potions.
   908 | D:1      | 908 ||| DROPPING scroll of butterflies.
   963 | D:2      | 963 ||| INVOKING Spit Poison.
   968 | D:2      | Reached XP level 3. HP: 32/32 MP: 3/3
   984 | D:2      | 984 ||| INVOKING Spit Poison.
  1038 | D:2      | 1038 ||| INVOKING Spit Poison.
  1043 | D:2      | 1043 ||| INVOKING Spit Poison.
  1049 | D:2      | 1049 ||| INVOKING Spit Poison.
  1054 | D:2      | HP: 8/32 [kobold/+0 dagger (1)]
  1054 | D:2      | HP: 3/32 [worm (5)]
  1055 | D:2      | 1055 ||| INVOKING Spit Poison.
  1056 | D:2      | Slain by a kobold

Levels and vault maps discovered:
D:1:      dpeg_arrival_court, layout_loops_ring, serial_rivers,
          chequers_serial_rivers_micro_a, chequers_serial_rivers_micro_d,
          chequers_serial_rivers_micro_b, chequers_serial_rivers_micro_a,
          shapermc_ecumenical_altar_flowoftime, serial_shops, shop
D:2:      layout_rooms

Skill      XL: |  1 |
---------------+----+-----
Ranged Weapons | 4 |  4.6
Fighting       | |  2.0
Dodging        | |  1.5
Stealth        | |  1.5

Action                     || total
---------------------------++-------
   Fire: Shortbow          ||    34
Ability: Spit Poison       ||    15
    Use: Scroll            ||     5
         Potion            ||     2
 Armour: Leather armour    ||     3
  Dodge: Dodged            ||    12

Table legend:
 A = Non-vault XP
 B = Vault XP
 C = Vault XP percentage of total XP
 D = Non-vault monster count
 E = Vault monster count
 F = Vault count percentage of total count
                 A         B        C        D         E       F
            +---------+---------+-------+---------+---------+-------
      Total |      49 |       0 |   0.0 |      21 |       0 |   0.0
            +---------+---------+-------+---------+---------+-------
        D:1 |      23 |       0 |   0.0 |      15 |       0 |   0.0
        D:2 |      26 |       0 |   0.0 |       6 |       0 |   0.0
            +---------+---------+-------+---------+---------+-------
